 Dungeon Crawl Stone Soup version 0.31-a0-626-g8143ab4f1d (webtiles) character file.

Game seed: 3014007233791807651

169999 Newt the Bludgeoner (level 17, -3/111 HPs)
             Began as a Gargoyle Fighter on Aug 24, 2023.
             Was an Initiate of Gozag.
             Slain by a salamander
             ... wielding a +0 halberd
              (26 damage)
             ... on level 4 of the Snake Pit.
             The game lasted 00:53:16 (30583 turns).

Newt the Bludgeoner (Gargoyle Fighter)             Turns: 30583, Time: 00:53:17

Health: -3/111     AC: 37    Str: 28    XL:     17   Next: 98%
Magic:  31/31      EV:  9    Int: 13    God:    Gozag
Gold:   2900       SH: 28    Dex:  9    Spells: 20/36 levels left

rFire   + . .        J - +7 mace of Eternal Harmony {holy, rCorr Str+3}
rCold   + . .        I - +6 tower shield {rC+}
rNeg    + . .        w - +2 scale mail of the Hidden Flying Suns {Regen+ Slay+3}
rPois   ∞            n - +2 hat
rElec   +            x - +2 cloak
rCorr   +            v - +2 pair of gloves
SInv    .            l - +0 pair of boots
Will    +....        U - amulet of reflection Stlth
                     B - ring of the Magpie {rCorr Int+3 Slay+3}
HPRegen 1.18/turn    f - ring of protection from fire
MPRegen 0.22/turn

%: reflection
@: about to teleport, weakened, gold aura, flying
A: sickness immunity, AC +12, big wings, negative energy resistance 1,
electricity resistance, torment resistance 1, petrification resistance, hooves
2, iridescent scales 1, dopey 1, inability to read after injury 1
a: Renounce Religion, Potion Petition, Call Merchant, Bribe Branch


You were on level 4 of the Snake Pit.
You worshipped Gozag.
Gozag was most pleased with you.
You visited 4 branches of the dungeon, and saw 26 of its levels.
You also visited: Ice Cave.

You collected 11173 gold pieces.
You spent 4709 gold pieces at shops.
You paid 3564 gold pieces to Gozag.

Inventory:

Hand Weapons
 b - a +6 heavy morningstar
 J - the +7 mace of Eternal Harmony (weapon) {holy, rCorr Str+3}
   (You bought it in a shop on level 4 of the Lair of Beasts)

   Str+3:     It affects your strength (+3).
   rCorr:     It protects you from acid and corrosion.
Missiles
 r - 3 throwing nets
Armour
 j - a +7 chain mail of ponderousness
 l - a +0 pair of boots (worn)
 n - a +2 hat (worn)
 v - a +2 pair of gloves (worn)
 w - the +2 scale mail of the Hidden Flying Suns (worn) {Regen+ Slay+3}
   (You bought it in a shop on level 4 of the Dungeon)

   Slay+3:    It affects your accuracy & damage with ranged weapons and melee
   (+3).
   Regen+:    It increases your rate of health regeneration.
 x - a +2 cloak (worn)
 I - a +6 tower shield of cold resistance (worn)
Jewellery
 f - a ring of protection from fire (right hand)
 i - a +6 ring of strength
 B - the ring of the Magpie (left hand) {rCorr Int+3 Slay+3}
   (You bought it in a shop on level 2 of the Snake Pit)

   [ring of resist corrosion]

   Int+3:     It affects your intelligence (+3).
   Slay+3:    It affects your accuracy & damage with ranged weapons and melee
   (+3).
   rCorr:     It protects you from acid and corrosion.
 Q - the ring of Beauty {Ice rPois Will+}
   (You found it on level 10 of the Dungeon)

   [ring of ice]

   Ice:       It enhances your ice magic.
   rF-:       It makes you vulnerable to fire.
   rC+:       It protects you from cold.
   rPois:     It protects you from poison Will+: It increases your willpower.
 U - an amulet of reflection (around neck)
 X - a ring of fire
 Y - a ring of resist corrosion
 Z - a ring of willpower
Wands
 d - a wand of digging (6)
 y - a wand of flame (33) (quivered)
 F - a wand of polymorph (3)
 N - a wand of iceblast (7)
 P - a wand of quicksilver (10)
 T - a wand of paralysis (24)
Scrolls
 e - 4 scrolls of poison
 h - 2 scrolls of blinking
 z - 2 scrolls of enchant weapon
 A - 4 scrolls of enchant armour
 C - 6 scrolls of fear
 H - 2 scrolls of butterflies
 M - 8 scrolls of identify
 O - a scroll of brand weapon
 S - 2 scrolls of amnesia
 V - 2 scrolls of revelation
 W - 3 scrolls of teleportation
Potions
 a - 2 potions of heal wounds
 c - a potion of mutation
 g - 17 potions of curing
 k - 5 potions of cancellation
 m - 7 potions of enlightenment
 o - 6 potions of brilliance
 p - 3 potions of lignification
 q - 6 potions of attraction
 E - 2 potions of magic
 G - a potion of ambrosia
 L - a potion of resistance
Miscellaneous
 K - a phial of floods


   Skills:
 - Level 14.0 Fighting
 - Level 17.0 Maces & Flails
 - Level 14.0 Armour
 - Level 15.0 Shields
 - Level 10.2 Spellcasting
 - Level 5.9 Hexes
 - Level 10.5 Earth Magic
 + Level 13.9 Evocations


You had 20 spell levels left.
You knew the following spells:

 Your Spells              Type           Power      Damage    Failure   Level
a - Leda's Liquefaction   Hex/Erth       14%        N/A       14%         4
b - Tukima's Dance        Hex            22%        N/A       11%         3
c - Lee's Rapid Deconstr  Erth           17%        3d10*     16%         5
d - Animate Armour        Summ/Erth      40%        N/A       43%         4

Your spell library contained the following spells:

 Spells                   Type           Power      Damage    Failure   Level
 Portal Projectile        Hex/Tloc       28%        N/A       36%         3
 Summon Guardian Golem    Hex/Summ       14%        N/A       36%         3
 Cause Fear               Hex            11%        N/A       36%         4
 Apportation              Tloc           12%        N/A       38%         1
 Summon Small Mammal      Summ           24%        N/A       38%         1
 Call Canine Familiar     Summ           6%         N/A       77%         3
 Hailstorm                Conj/Ice       6%         3d4       77%         3
 Vhi's Electric Charge    Tloc/Air       12%        N/A       77%         3
 Iskenderun's Mystic Bla  Conj/Tloc      6%         2d4       99%         4
 Summon Ice Beast         Ice/Summ       6%         N/A       99%         4
 Summon Lightning Spire   Summ/Air       6%         N/A       99%         4
 Alistair's Intoxication  Tmut/Pois      4%         N/A       100%        5
 Arcjolt                  Conj/Air       3%         1d13      100%        5
 Fireball                 Conj/Fire      3%         3d4       100%        5
 Leda's Unmaking          Conj/Erth      10%        9d2       100%        6
 Plasma Beam              Fire/Air       3%         2x1d13    100%        6
 Chain Lightning          Conj/Air       3%         3d4       100%        9
 Dragon's Call            Summ           3%         N/A       100%        9
 Fire Storm               Conj/Fire      3%         8d1       100%        9
 Shatter                  Erth           17%        3d16*     100%        9
 Simulacrum               Ice/Necr       Unusable   N/A       N/A         6

Dungeon Overview and Level Annotations

Branches:
Dungeon (15/15)            Temple (0/1) D:5            Lair (5/5) D:9
  Swamp (0/4) Lair:3        Snake (4/4) Lair:2        Slime (0/5) Lair:4
    Orc (2/2) D:12            Elf (0/3) Orc:2        Vaults (0/5) D:14
 Depths (0/4) D:15          IceCv (visited)

Altars:
Dithmenos
Elyvilon
Gozag
Hepliaklqana
Makhleb
Nemelex Xobeh
Ru
Uskayaw
Xom
The Shining One
Jiyva

Shops:
D:2 ?   D:4 [   D:5 *[   D:7 :   D:8 :   D:10 [   Orc:1 (   Orc:2 ([=
Lair:1 (   Lair:4 *   Snake:2 (=!   Snake:4 *

Portals:
Trove: D:15 (give 13 potions of heal wounds)

Annotations:
D:9 1 runed translucent door, exclusion: ice statue, Zonian's ghost, novice OpSh
D:12 Azrael
D:15 Roxanne
Lair:5 exclusion: obsidian statue


Innate Abilities, Weirdness & Mutations

You are immune to sickness and miasma.
Your stone body is resilient. (AC +12)
You are immune to poison.
Your large and strong wings let you fly.
You resist negative energy. (rN+)
You are resistant to electric shocks. (rElec)
You are resistant to unholy torment.
You are immune to petrification.
You have hoof-like feet.
You are partially covered in iridescent scales. (AC +2)
You are dopey. (Int -2)
You occasionally lose the ability to read scrolls when taking damage.


Message History

The salamander is distracted by your dazzling golden aura.
Unknown command.
You hit the salamander tyrant.
The salamander tyrant is lightly wounded.
The salamander is no longer distracted by gold.
Unknown command.
As you read the scroll of teleportation, it crumbles to dust.
You feel strangely unstable.
The salamander is no longer distracted by gold.
The salamander barely misses you. The naga warrior spits poison at you.
You block splash of poison... and reflect it back!
The splash of poison hits the naga warrior.
The salamander hits you from afar with a +0 halberd!
* * * LOW HITPOINT WARNING * * *
You are engulfed in flames.
You resist.
* * * LOW HITPOINT WARNING * * *
You block the naga warrior's attack.
The salamander tyrant gazes fiercely through you!
You feel as though you will be weak longer.
The salamander tyrant hits you but does no damage.
Unknown command.
Unknown command.
You barely miss the salamander tyrant.
The salamander tyrant is lightly wounded.
You block the salamander's attack. You block the naga warrior's attack.
You block the salamander tyrant's attack.
Unknown command.
You closely miss the salamander tyrant.
The salamander tyrant is lightly wounded.
You block the salamander's attack. You block the naga warrior's attack.
A naga ritualist comes into view. It is wielding a +0 flail.
Unknown command.
You barely miss the salamander tyrant.
The salamander tyrant is lightly wounded.
The salamander barely misses you. You block the naga warrior's attack.
You block the salamander tyrant's attack.
The salamander hits you from afar with a +0 halberd!!
You die...
Your body crumbles into a pile of gold.

#...........N.........#..#.....
#..).....SS..NN.......#..#..###
###.....N..#####NN....###..#..###
.........###.#.#N######.#..#...##
.........#.....$.$......#..##...#
.........#.....N........#..###..#
###.....##...N...[......#..###..#
##....#....NN##########.......#
##....##....NN@.......##.....##
#.....#......#N.......#########
#.....##.....#........##.......
#.....##....##........#........
#.....#.....#.........#..######
#...).#.....##........#..###...
#...[.##.....#####.####..##....
#......######## ### #......##
#.......[[[...#### ##....###


You could see a naga warrior (fast), a salamander tyrant (strong), 2
salamanders, a naga ritualist and a naga mage (strong).

Vanquished Creatures
  Vashnia (Snake:4)
  Saint Roka (Snake:3)
  Rupert (D:12)
  Gastronok (Lair:3)
  Kirke (Snake:3)
  The ghost of ShinQuickMan the Archmage, an adept DECj of Gozag (Snake:2)
  3 nagarajas
  Louise (D:14)
  2 dire elephants (Lair:5)
  Josephine (D:11)
  Erolcha (D:13)
  4 vault guards (D:14)
  4 hydras
  7 centaur warriors
  Erica (D:9)
  3 two-headed ogres
  15 anacondas
  6 boulder beetles
  A death yak (Lair:5)
  A death knight (D:13)
  13 naga warriors
  14 naga sharpshooters
  7 shock serpents
  4 skysharks
  A skeletal warrior (D:15)
  4 spectral death yaks (Lair:5)
  A spark wasp zombie (D:15)
  6 sea snakes
  3 salamander mystics (Snake:4)
  3 bog bodies (Lair:3)
  An obsidian statue (D:9)
  3 naga ritualists
  A spectral anaconda (Lair:5)
  2 wizards
  A swamp dragon (D:10)
  8 orc knights
  5 necromancers
  A lindwurm (Lair:5)
  10 mana vipers
  2 phantasmal warriors
  A lindwurm (shapeshifter) (D:15)
  9 deep elf pyromancers
  A deep elf zephyrmancer (D:10)
  2 orc sorcerers
  Pikel (D:5)
  6 ugly things
  2 oklob plants
  A mana viper (shapeshifter) (D:14)
  3 manticores (D:15)
  10 salamanders
  7 cyclopes
  A frost giant skeleton (D:15)
  An ice statue (IceCv)
  A dire elephant zombie (Lair:5)
  A guardian serpent (Snake:4)
  10 elephants
  A stone giant skeleton (D:15)
  39 black mambas
  11 naga magi
  Joseph (D:9)
  3 gargoyles
  Jeremiah (D:8)
  Psyche (D:8)
  5 kobold demonologists (D:10)
  9 cane toads
  3 rime drakes
  Maggie (D:8)
  An efreet (D:14)
  2 freezing wraiths
  11 komodo dragons
  2 unseen horrors (D:10)
  2 guardian mummies (D:15)
  A tengu conjurer (D:15)
  2 polar bears
  A hornet (Lair:2)
  4 trolls
  Prince Ribbit (D:5)
  14 blink frogs
  7 dream sheep (Lair:5)
  8 slime creatures (D:12)
  A spriggan skeleton (D:15)
  2 shadows
  5 wyverns
  7 wraiths
  51 yaks
  4 fire bats (D:14)
  5 basilisks
  3 hogs (Snake:3)
  2 fire elementals
  A swamp worm (Lair:3)
  3 steam dragons
  3 death yak simulacra
  12 vampire mosquitoes
  A harpy simulacrum (IceCv)
  A spectral cane toad (Lair:5)
  21 nagas
  10 wargs
  2 acid dragons
  A hydra simulacrum (IceCv)
  2 hell hounds
  13 water moccasins
  40 orc warriors
  A meliai simulacrum (D:10)
  An elephant zombie (Lair:5)
  2 sky beasts
  4 ogres
  An elephant skeleton (Lair:5)
  A black bear (D:7)
  8 centaurs
  11 wolves
  2 phantoms
  4 kobold brigands
  8 bullfrogs
  2 gnoll sergeants (D:10)
  2 scorpions
  4 elephant simulacra
  4 killer bees (D:8)
  2 electric eels
  A vampire bat (Orc:1)
  2 howler monkeys (D:14)
  5 lava snakes
  2 gnoll boudas
  19 orc priests
  Crazy Yiuf (D:4)
  3 hounds
  2 jellies (D:5)
  2 sleepcaps
  Jessica (D:15)
  Natasha (thrice) (D:4)
  An iguana (D:7)
  19 orc wizards
  2 polar bear simulacra (IceCv)
  2 wolf simulacra (IceCv)
  Robin (D:3)
  8 adders
  29 gnolls
  A shadow imp (D:6)
  13 white imps
  3 worms
  2 dart slugs
  97 orcs
  4 endoplasms (D:2)
  A giant cockroach (D:2)
  9 goblins
  7 hobgoblins
  8 jackals
  2 quokkas (D:2)
  7 ball pythons
  10 bats
  3 frilled lizards
  14 kobolds
  9 rats
  A spectral kobold (D:6)
  2 butterflies (Lair:1)
877 creatures vanquished.

Vanquished Creatures (others)
  3 humans (Snake:3)
  A naga (Snake:3)
  An orc (Orc:1)
5 creatures vanquished.

Grand Total: 882 creatures vanquished

Notes
Turn   | Place    | Note
-------+----------+-------------------------------------------
     0 | D:1      | Newt the Gargoyle Fighter began the quest for the Orb.
     0 | D:1      | Reached XP level 1. HP: 14/14 MP: 1/1
   102 | D:1      | Reached XP level 2. HP: 20/20 MP: 2/2
   533 | D:2      | Reached XP level 3. HP: 20/24 MP: 3/3
   786 | D:2      | Found Jademef's Magic Scroll Shop.
   794 | D:2      | Bought a scroll of identify for 20 gold pieces
   794 | D:2      | Bought a scroll of identify for 20 gold pieces
   959 | D:2      | Reached skill level 5 in Fighting
  1114 | D:2      | Reached XP level 4. HP: 28/31 MP: 4/4
  1424 | D:3      | Reached skill level 3 in Maces & Flails
  1834 | D:3      | Reached XP level 5. HP: 30/35 MP: 5/5
  1907 | D:3      | Found a sparkling altar of Nemelex Xobeh.
  2122 | D:3      | Noticed Robin
  2128 | D:3      | Reached skill level 4 in Maces & Flails
  2148 | D:3      | Killed Robin
  2256 | D:3      | Found a faded altar of an unknown god.
  2374 | D:4      | Found an opulent altar of Gozag.
  2379 | D:4      | Found a hide-covered altar of Uskayaw.
  2383 | D:4      | Found a white marble altar of Elyvilon.
  2385 | D:4      | Became a worshipper of Gozag Ym Sagoz the Greedy
  2635 | D:4      | Reached skill level 5 in Maces & Flails
  2635 | D:4      | Reached XP level 6. HP: 31/40 MP: 6/6
  2707 | D:4      | Found a burning altar of Makhleb.
  2871 | D:4      | Noticed Natasha
  2888 | D:4      | Killed Natasha
  2944 | D:4      | Noticed Natasha
  2950 | D:4      | Killed Natasha
  3108 | D:4      | Found a shimmering altar of Xom.
  3162 | D:4      | Noticed Natasha
  3168 | D:4      | Killed Natasha
  3247 | D:4      | Found Umesenn's Antique Armour Shop.
  3426 | D:4      | Found a runed translucent door.
  3427 | D:4      | Identified a scroll of acquirement
  3427 | D:4      | Acquired 1030 gold pieces
  3516 | D:2      | Bought a scroll of identify for 20 gold pieces
  3516 | D:2      | Bought a scroll of acquirement for 520 gold pieces
  3516 | D:2      | Acquired a manual of Shields
  3589 | D:4      | Bought a diamond-encrusted scale mail for 162 gold pieces
  3589 | D:4      | Identified the +2 scale mail of the Hidden Flying Suns
                  | {Regen+ Slay+3} (You bought it in a shop on level 4 of the
                  | Dungeon)
  3589 | D:4      | Bought a smoking scale mail for 162 gold pieces
  3589 | D:4      | Identified the +0 scale mail "Qipoob" {Regen+ Int+4} (You
                  | bought it in a shop on level 4 of the Dungeon)
  3636 | D:4      | Noticed Crazy Yiuf
  3642 | D:4      | Killed Crazy Yiuf
  3643 | D:4      | Reached skill level 5 in Armour
  3671 | D:5      | Entered Level 5 of the Dungeon
  3683 | D:5      | Reached XP level 7. HP: 44/44 MP: 7/7
  3706 | D:5      | Reached skill level 5 in Shields
  3713 | D:5      | Noticed Pikel
  3714 | D:5      | Noticed Prince Ribbit
  3724 | D:5      | Killed Pikel
  3725 | D:5      | Reached skill level 10 in Shields
  3725 | D:5      | Reached XP level 8. HP: 44/49 MP: 8/8
  3729 | D:5      | Killed Prince Ribbit
  4146 | D:5      | Found a staircase to the Ecumenical Temple.
  4268 | D:5      | Reached skill level 6 in Maces & Flails
  4326 | D:5      | Found Usaelusa's Lightly-Used Armoury.
  4358 | D:5      | Found Susanowo's Dragon-Slaying Spoils.
  4877 | D:6      | Reached XP level 9. HP: 54/54 MP: 9/9
  4954 | D:6      | Reached skill level 7 in Maces & Flails
  5039 | D:6      | Found a hazy altar of Hepliaklqana.
  5313 | D:7      | Reached skill level 8 in Maces & Flails
  5563 | D:7      | Found a sacrificial altar of Ru.
  5802 | D:7      | Found Daxkekux's Book Shop.
  5847 | D:7      | Found a glowing golden altar of the Shining One.
  6003 | D:8      | Noticed Maggie
  6022 | D:8      | Killed Maggie
  6035 | D:8      | Noticed Psyche
  6036 | D:8      | Found a shadowy altar of Dithmenos.
  6041 | D:8      | Killed Psyche
  6176 | D:8      | Reached XP level 10. HP: 31/59 MP: 10/10
  6315 | D:8      | Found Diwesk's Vocational Training.
  6451 | D:8      | Noticed Jeremiah
  7252 | D:8      | Killed Jeremiah
  7253 | D:8      | Reached skill level 10 in Armour
  7861 | D:9      | Noticed Joseph
  7867 | D:9      | Killed Joseph
  8124 | D:9      | Found a staircase to the Lair.
  8301 | D:9      | Noticed Erica
  8321 | D:9      | Killed Erica
  8517 | D:9      | Found a runed translucent door.
  8517 | D:9      | Found a shimmering altar of Xom.
  8517 | D:9      | Noticed Zonian's ghost (novice OpSh)
  8517 | D:9      | Noticed a +2 trident of chaos
  8531 | D:9      | Noticed an ice statue
  8611 | D:9      | Noticed an obsidian statue
  8618 | D:9      | Noticed a rust devil
  8618 | D:9      | Noticed an orange demon
  8621 | D:9      | Noticed an orange demon
  8633 | D:9      | Killed an obsidian statue
  8634 | D:9      | Reached skill level 9 in Maces & Flails
  8907 | D:9      | Reached XP level 11. HP: 66/71 MP: 11/11
  8973 | D:10     | Entered Level 10 of the Dungeon
  9156 | D:10     | Reached skill level 10 in Maces & Flails
  9218 | D:10     | Noticed a two-headed ogre
  9233 | D:10     | Reached skill level 11 in Maces & Flails
  9236 | D:10     | Killed a two-headed ogre
  9398 | D:10     | Noticed a swamp dragon
  9411 | D:10     | Killed a swamp dragon
  9624 | D:10     | Noticed a centaur warrior
  9645 | D:10     | Killed a centaur warrior
  9646 | D:10     | Reached skill level 12 in Maces & Flails
  9805 | D:10     | Noticed a deep elf zephyrmancer
  9829 | D:10     | Killed a deep elf zephyrmancer
  9831 | D:10     | Noticed a boulder beetle
  9841 | D:10     | Identified the ring of Beauty {Ice rPois Will+}
  9844 | D:10     | Noticed a deep elf pyromancer
  9873 | D:10     | Killed a deep elf pyromancer
  9879 | D:10     | Noticed a centaur warrior
  9880 | D:10     | Killed a boulder beetle
  9929 | D:10     | Noticed an orc knight
  9947 | D:10     | Killed an orc knight
  9948 | D:10     | Reached XP level 12. HP: 56/76 MP: 12/12
  9991 | D:10     | Killed a centaur warrior
  9992 | D:10     | Reached skill level 15 in Shields
 10086 | D:10     | Reached skill level 10 in Fighting
 10189 | D:10     | Noticed a boulder beetle
 10245 | D:9      | Killed a boulder beetle
 10870 | D:11     | Noticed Josephine
 10879 | D:11     | Killed Josephine
 11025 | D:11     | Found a frozen archway.
 11078 | IceCv    | Entered an ice cave
 11246 | IceCv    | Reached skill level 1 in Evocations
 11426 | IceCv    | HP: 2/81 [ice statue/shard of ice (4)]
 12184 | D:8      | Bought a manual of Evocations for 960 gold pieces
 12914 | D:12     | Reached skill level 5 in Evocations
 13559 | D:12     | Noticed Azrael
 13783 | D:12     | Noticed Rupert
 13784 | D:12     | Paralysed by Rupert for 2 turns
 13807 | D:12     | Killed Rupert
 13808 | D:12     | Reached XP level 13. HP: 43/86 MP: 13/13
 14221 | D:12     | Reached skill level 10 in Evocations
 14290 | D:12     | Found a staircase to the Orcish Mines.
 15357 | D:13     | Noticed Erolcha
 15364 | D:13     | Killed Erolcha
 15557 | D:14     | Noticed a vault guard
 15571 | D:14     | Killed a vault guard
 15605 | D:14     | Noticed Louise
 15607 | D:14     | Noticed a vault guard
 15668 | D:14     | Killed a vault guard
 15688 | D:14     | Killed Louise
 15786 | D:14     | Noticed a vault guard
 15791 | D:14     | Killed a vault guard
 15792 | D:14     | Gained mutation: Your large and strong wings let you fly.
                  | [Gargoyle growth]
 15792 | D:14     | Reached XP level 14. HP: 92/92 MP: 14/14
 15938 | D:14     | Found a gate to the Vaults.
 16272 | D:14     | Reached skill level 13 in Maces & Flails
 16366 | D:15     | Entered Level 15 of the Dungeon
 16369 | D:15     | Noticed Roxanne
 16790 | D:15     | Found a sparkling altar of Nemelex Xobeh.
 16790 | D:15     | Noticed Jessica
 16792 | D:15     | Killed Jessica
 16940 | D:15     | Found a staircase to the Depths.
 16969 | D:15     | Reached skill level 14 in Maces & Flails
 17149 | D:15     | Reached skill level 1 in Earth Magic
 17154 | D:15     | Reached skill level 1 in Spellcasting
 17159 | D:15     | Reached skill level 1 in Hexes
 17535 | D:15     | Found a portal to a secret trove of treasure.
 17803 | Lair:1   | Entered Level 1 of the Lair of Beasts
 17894 | Lair:1   | Bought a buzzing dire flail for 270 gold pieces
 17894 | Lair:1   | Identified the +2 dire flail of Victory {spect, rC+} (You
                  | bought it in a shop on level 1 of the Lair of Beasts)
 18674 | Lair:2   | Found a staircase to the Snake Pit.
 18736 | Lair:2   | Reached skill level 5 in Earth Magic
 19418 | Lair:3   | Found an opulent altar of Gozag.
 19460 | Lair:3   | Reached XP level 15. HP: 95/96 MP: 18/21
 19506 | Lair:3   | Learned a level 4 spell: Leda's Liquefaction
 19506 | Lair:3   | Noticed Gastronok
 19520 | Lair:3   | Killed Gastronok
 19593 | Lair:3   | Reached skill level 5 in Spellcasting
 19599 | Lair:3   | Reached skill level 5 in Hexes
 19838 | Lair:3   | Found a staircase to the Swamp.
 20256 | Lair:4   | Bought the +7 mace of Eternal Harmony {holy, rCorr Str+3}
                  | for 1067 gold pieces
 20256 | Lair:4   | Bought a scroll of identify for 36 gold pieces
 20979 | Lair:4   | Found a viscous altar of Jiyva.
 20979 | Lair:4   | Found a staircase to the Slime Pits.
 21273 | Lair:5   | Entered Level 5 of the Lair of Beasts
 22642 | Lair:5   | Identified the +3 orcbow of the Chewing Bear {flame, rN+}
 22819 | Lair:5   | Reached XP level 16. HP: 101/101 MP: 27/29
 22828 | Lair:5   | Reached skill level 10 in Spellcasting
 23126 | Lair:5   | Learned a level 3 spell: Tukima's Dance
 23132 | Lair:5   | Learned a level 5 spell: Lee's Rapid Deconstruction
 23137 | Lair:5   | Learned a level 4 spell: Animate Armour
 23392 | Orc:1    | Entered Level 1 of the Orcish Mines
 23794 | Orc:1    | Found Xizaf's Firing Range.
 23800 | Orc:1    | Bought a throwing net for 45 gold pieces
 24124 | Orc:2    | Entered Level 2 of the Orcish Mines
 24147 | Orc:2    | Found a staircase to the Elven Halls.
 24683 | Orc:2    | Reached skill level 10 in Earth Magic
 24863 | Orc:2    | Found Rasu's Antique Weapon Boutique.
 24863 | Orc:2    | Found Wueryros's Armour Emporium.
 25210 | Orc:2    | Found Lytas's Distillery.
 25210 | Orc:2    | Found Tutigimu's Jewellery Emporium.
 25223 | Orc:2    | Bought an amulet of reflection for 360 gold pieces
 25651 | Snake:1  | Entered Level 1 of the Snake Pit
 26237 | Snake:1  | Gained mutation: You are partially covered in iridescent
                  | scales. (AC +2) [potion of mutation]
 26237 | Snake:1  | Gained mutation: You have a pair of small antennae on your
                  | head. [potion of mutation]
 26237 | Snake:1  | Gained mutation: You occasionally lose the ability to drink
                  | potions when taking damage. [potion of mutation]
 26238 | Snake:1  | Lost mutation: You occasionally lose the ability to drink
                  | potions when taking damage. [potion of mutation]
 26238 | Snake:1  | Lost mutation: You are partially covered in iridescent
                  | scales. (AC +2) [potion of mutation]
 26238 | Snake:1  | Gained mutation: You passively map a small area around you.
                  | [potion of mutation]
 26238 | Snake:1  | Gained mutation: You are weak. (Str -2) [potion of
                  | mutation]
 26239 | Snake:1  | Lost mutation: You have a pair of small antennae on your
                  | head. [potion of mutation]
 26239 | Snake:1  | Lost mutation: You passively map a small area around you.
                  | [potion of mutation]
 26239 | Snake:1  | Gained mutation: You occasionally shout uncontrollably at
                  | your foes. [potion of mutation]
 26239 | Snake:1  | Gained mutation: You are strong-willed. (Will+) [potion of
                  | mutation]
 26239 | Snake:1  | Gained mutation: You have large cloven feet. [potion of
                  | mutation]
 26591 | Snake:2  | Found Gosmiguec's Weapon Emporium.
 26591 | Snake:2  | Found Ucveby's Jewellery Shoppe.
 26599 | Snake:2  | Found Lopnitocs's Distillery.
 26605 | Snake:2  | Bought the ring of the Magpie {rCorr Int+3 Slay+3} for 642
                  | gold pieces
 26729 | Snake:2  | Bought a potion of curing for 51 gold pieces
 26729 | Snake:2  | Bought 2 potions of curing for 102 gold pieces
 26729 | Snake:2  | Bought a potion of ambrosia for 136 gold pieces
 26729 | Snake:2  | Bought a potion of heal wounds for 85 gold pieces
 26729 | Snake:2  | Bought a potion of curing for 51 gold pieces
 26745 | Snake:2  | Noticed ShinQuickMan's ghost (adept DECj)
 26749 | Snake:2  | Found a runed translucent gate.
 26750 | Snake:2  | Found a runed translucent gate.
 26750 | Snake:2  | Found a runed translucent gate.
 26882 | Snake:2  | Noticed a nagaraja
 26907 | Snake:2  | Killed a nagaraja
 27314 | Snake:2  | Reached skill level 15 in Maces & Flails
 27660 | Snake:2  | Lost mutation: You are weak. (Str -2) [potion of mutation]
 27660 | Snake:2  | Lost mutation: You have large cloven feet. [potion of
                  | mutation]
 27660 | Snake:2  | Lost mutation: You are strong-willed. (Will+) [potion of
                  | mutation]
 27660 | Snake:2  | Gained mutation: You are dopey. (Int -2) [potion of
                  | mutation]
 27660 | Snake:2  | Gained mutation: You have large cloven feet. [potion of
                  | mutation]
 27661 | Snake:2  | Lost mutation: You occasionally shout uncontrollably at
                  | your foes. [potion of mutation]
 27661 | Snake:2  | Lost mutation: You are dopey. (Int -2) [potion of mutation]
 27661 | Snake:2  | Gained mutation: You are dopey. (Int -2) [potion of
                  | mutation]
 27661 | Snake:2  | Gained mutation: You occasionally lose the ability to read
                  | scrolls when taking damage. [potion of mutation]
 27661 | Snake:2  | Gained mutation: You are partially covered in iridescent
                  | scales. (AC +2) [potion of mutation]
 27661 | Snake:2  | Gained mutation: You have hoof-like feet. [potion of
                  | mutation]
 27675 | Snake:2  | Killed ShinQuickMan's ghost
 27682 | Snake:2  | Reached XP level 17. HP: 111/111 MP: 28/31
 27875 | Snake:3  | Noticed Kirke
 27906 | Snake:3  | Killed Kirke
 27921 | Snake:3  | Reached skill level 16 in Maces & Flails
 28504 | Snake:3  | Noticed Saint Roka
 28598 | Snake:3  | Killed Saint Roka
 29004 | Snake:4  | Entered Level 4 of the Snake Pit
 29064 | Snake:4  | Noticed Vashnia
 29095 | Snake:4  | Reached skill level 17 in Maces & Flails
 29113 | Snake:4  | Killed Vashnia
 30583 | Snake:4  | Slain by a salamander

Illustrated notes

Levels and vault maps discovered:
D:1:      onia_arrival_handbag, layout_rooms
D:2:      layout_loops_corners, serial_shops, shop, grunt_ministairs_14,
          kennysheep_generic_room_5
D:3:      layout_rooms, amcnicky_altar_gilded, nicolae_ecumenical_oubliette,
          uniq_robin
D:4:      layout_basic, nicolae_overflow_macrodata_refinement,
          kennysheep_mini_moat, serial_shops, nicolae_shop_tiny_real_fake_doors,
          uniq_crazy_yiuf_cottage, uniq_natasha
D:5:      layout_rooms, minmay_temple_entry_glass,
          nicolae_concentric_dashed_squares_mild, minmay_shop_damaged,
          nicolae_shop_dragon_depot, uniq_pikel, uniq_prince_ribbit1
D:6:      layout_loops_ring, nicolae_hepliaklqana_monster_ancestors
D:7:      layout_basic, mainiacjoe_overflow_six_doors_small,
          lemuel_coloured_pillars_altar, serial_shops,
          nicolae_shop_real_fake_doors
D:8:      layout_rooms, nicolae_dithmenos_through_a_glass_darkly,
          minmay_large_rounded_square, nicolae_shop_vocational, uniq_jeremiah,
          uniq_psyche, uniq_maggie
D:9:      minmay_separated_statues, layout_irregular_city, erik_lair_dragon,
          ebering_ghost_xom, uniq_joseph, uniq_erica
D:10:     minmay_the_grid_4x2 [minmay_the_grid_all_tris,
          minmay_the_grid_zigzag_pyramid, minmay_the_grid_eight,
          minmay_the_grid_tri_star, minmay_the_grid_dragon_b,
          minmay_the_grid_small_cups, minmay_the_grid_odd_star,
          minmay_the_grid_prize_four_corners], layout_loops_corners
D:11:     layout_gridville, portal_ice_cave_entry_imps, uniq_josephine
D:12:     layout_grid_maze, orc_0_dummy, uniq_azrael, uniq_rupert
D:13:     layout_loops_cross, uniq_erolcha
D:14:     layout_loops_ring, lightli_vaults_fourway_checkpoint, serial_glass,
          glass_columns_a, glass_columns_a, hangedman_incinerator, uniq_louise
D:15:     gammafunk_depths_entry_grave, layout_irregular_city,
          nemelex_lonely_heart_becter, nicolae_trove_entry_path_of_doom,
          uniq_roxanne
Lair:1:   layout_concentric_octagons, grunt_megastairs_5, lemuel_fruit_fields
Lair:2:   layout_hall_layers, nicolae_snake_entry_warm_welcome
Lair:3:   layout_misc_corridors, nicolae_swamp_entry_splash_gauntlet,
          basic_altar, uniq_gastronok
Lair:4:   layout_roguey, dpeg_slime_entry_corner, minmay_lair_oklob_bushes
Lair:5:   due_jungle_book, layout_small_grid
Snake:1:  layout_cave_shapes
Snake:2:  hangedman_cross_stitches, layout_layer_cave, gammafunk_ghost_split,
          minmay_shop_star
Snake:3:  layout_basic, serial_bayou_shore_a, uniq_kirke, uniq_saint_roka
Snake:4:  minmay_snake_end_coiled, layout_cave_town, serial_shops, shop,
          nicolae_snake_snake_lake, nicolae_snake_yet_another_twisty_hallway,
          uniq_vashnia
Orc:1:    layout_caves, basic_altar, roderic_batcave, nicolae_shop_firing_range
Orc:2:    st_orc_town, layout_caves

Skill      XL: |  1  2  3  4  5  6  7  8  9 10 11 12 13 14 15 16 17 |
---------------+----------------------------------------------------+-----
Fighting       | 4 5 9 12 14 | 14.0
Maces & Flails | 3 5 6 8 9 12 14 15 17 | 17.0
Armour         | 5 9 10 14 | 14.0
Shields        | 4 10 12 14 15 | 15.0
Evocations     | 9 10 13 | 13.9
Earth Magic    | 5 7 10 | 10.5
Spellcasting   | 4 9 10 | 10.2
Hexes          | 4 5 |  5.9

Action                     |  1- 3 |  4- 6 |  7- 9 | 10-12 | 13-15 | 16-18 || total
---------------------------+-------+-------+-------+-------+-------+-------++-------
  Melee: Flail             |   153 |   167 |   227 |   778 |   279 |       ||  1604
         Morningstar       |       |       |       |       |   427 |       ||   427
         Mace              |       |       |       |       |   478 |  1474 ||  1952
         Kick              |       |       |       |       |       |   183 ||   183
         Unarmed           |       |       |       |       |       |     9 ||     9
  Throw: Throwing net      |       |       |       |     3 |       |     1 ||     4
   Cast: Leda's Liquefacti |       |       |       |       |     6 |    14 ||    20
         Lee's Rapid Decon |       |       |       |       |       |    18 ||    18
 Invoke: Call Merchant     |       |       |       |     1 |     2 |     1 ||     4
  Evoke: Wand              |       |       |       |    19 |     7 |     1 ||    27
    Use: Scroll            |     6 |     7 |     2 |     7 |    11 |     5 ||    38
         Potion            |       |     2 |     2 |     6 |     4 |     8 ||    22
   Stab: Distracted        |       |       |     2 |     1 |     7 |     4 ||    14
         Held in net/web   |       |       |       |     2 |       |       ||     2
         Paralysed         |       |       |       |       |    13 |       ||    13
 Armour: Scale mail        |    89 |    62 |    98 |   369 |   450 |   435 ||  1503
  Dodge: Dodged            |    78 |   166 |   127 |   508 |   547 |   349 ||  1775
  Block: Buckler           |    21 |    27 |    62 |   234 |    75 |       ||   419
         Tower shield      |       |       |       |       |   896 |  1861 ||  2757
         Reflection        |       |       |       |       |       |   150 ||   150
         Other             |       |       |       |       |       |     2 ||     2

Table legend: (Time is in decaauts)
 A = Elapsed time spent in this place.
 B = Non-inter-level travel time spent in this place.
 C = Inter-level travel time spent in this place.
 D = Time resting spent in this place.
 E = Time spent auto-exploring this place.
 F = Levels seen in this place.
 G = Mean time per level.
                   A        B        C        D        E       F      G
               +--------+--------+--------+--------+--------+-----+--------+
         Total |  30374 |  28706 |   1668 |   6349 |  15679 |  27 | 1125.0 |
       Dungeon |  17279 |  16074 |   1205 |   4389 |   8435 |  15 | 1151.9 |
          Lair |   5549 |   5277 |    272 |    253 |   3840 |   5 | 1109.8 |
     Snake Pit |   4793 |   4672 |    121 |   1109 |   2209 |   4 | 1198.2 |
  Orcish Mines |   1921 |   1853 |     68 |      5 |   1195 |   2 |  960.5 |
      Ice Cave |    830 |    830 |      0 |    592 |      0 |   1 |  830.0 |
               +--------+--------+--------+--------+--------+-----+--------+

Top non-repeatable levels by time:
     D:9: 1878 daAuts
  Lair:5: 1812 daAuts
    D:10: 1726 daAuts
 Snake:4: 1527 daAuts
    D:12: 1451 daAuts
     D:2: 1401 daAuts
     D:7: 1296 daAuts
    D:15: 1288 daAuts
    D:11: 1268 daAuts
 Snake:2: 1237 daAuts
 Snake:3: 1228 daAuts
   Orc:2: 1204 daAuts
    D:13: 1093 daAuts
  Lair:2: 1091 daAuts
     D:4: 1034 daAuts
